 Dungeon Crawl Stone Soup version 0.13-b1-33-g94b2e5f (webtiles) character file.

485 Lilouch the Slasher (level 6, -6/48 HPs)
             Began as a Mummy Fighter on Oct 7, 2013.
             Killed from afar by Sigmund (10 damage)
             ... with a wand of flame
             ... on Level 3 of the Dungeon.
             The game lasted 00:18:53 (20102 turns).

Lilouch the Slasher (Mummy Fighter)                Turns: 20102, Time: 00:18:53

HP  -6/48        AC  8     Str 21      XL: 6   Next: 23%
MP   5/5         EV  6     Int  7      God:
Gold 161         SH 19     Dex 11      Spells:  0 memorised,  5 levels left

Res.Fire  : x . .   See Invis. : .   a - +0 falchion
Res.Cold  : + . .   Warding    : .   b - +0 scale mail
Life Prot.: + + +   Conserve   : .   c - +0 shield
Res.Poison: +       Res.Corr.  : .   (no helmet)
Res.Elec. : .       Clarity    : .   (no cloak)
Sust.Abil.: . .     Spirit.Shd : .   (no gloves)
Res.Mut.  : .       Stasis     : .   B - +0 pair of boots
Res.Rott. : +       Flight     : .   (no amulet)
Saprovore : . . .                    (no ring)
                                     (no ring)

@: somewhat resistant to hostile enchantments, extremely unstealthy
A: no food or potions, fire vulnerability, restore body, cold resistance 1, life
protection 3, poison resistance, torment resistance, unbreathing
a: no special abilities


You were on level 3 of the Dungeon.
You were not hungry.

You visited 1 branch of the dungeon, and saw 3 of its levels.

You collected 141 gold pieces.

Inventory:

Hand weapons
 a - a +0,+0 falchion (weapon)
 e - a +1,+0 elven spear (quivered)
 D - a cursed +0,+0 sling
Missiles
 l - 12 poisoned needles
 m - 39 darts
 r - 8 darts of dispersal
 s - 22 sling bullets
 x - 35 stones
Armour
 b - a +0 scale mail (worn)
 c - a +0 shield (worn)
 B - a +0 pair of boots (worn)
Magical devices
 A - a wand of flame (15)
Comestibles
 i - 6 bread rations
 q - a meat ration
Scrolls
 d - 2 scrolls of teleportation {unknown}
 g - 3 scrolls of remove curse {unknown}
 h - a scroll of enchant weapon I {unknown}
 k - a scroll of fear {unknown}
 n - a scroll of identify {unknown}
 v - a scroll of recharging {unknown}
 w - a scroll of curse weapon {unknown}
 y - a scroll of enchant weapon II {unknown}
Jewellery
 j - an uncursed amulet of warding {unknown}
 p - an uncursed amulet of conservation {unknown}
Potions
 f - a potion of magic {unknown}
 o - a potion of slowing {unknown}
 t - a potion of heal wounds {unknown}
 u - 2 potions of curing {unknown}
 z - a potion of paralysis {unknown}
 C - a potion of poison {unknown}


   Skills:
 - Level 3.4 Fighting
 * Level 3.7 Long Blades
 + Level 3.4 Armour
 - Level 1.0 Dodging
 - Level 0.1 Stealth
 + Level 3.4 Shields


You had 5 spell levels left.
You didn't know any spells.

Dungeon Overview and Level Annotations

Branches:
Dungeon (3/27)

Altars:

Annotations:
D:3 Sigmund


Innate Abilities, Weirdness & Mutations

You do not eat or drink.
Your flesh is vulnerable to fire.
Your flesh is cold resistant.
You are immune to negative energy.
Your system is resistant to poisons.
You are immune to unholy pain and torment.
You can survive without breathing.


Message History

You closely miss Sigmund.
Sigmund is heavily wounded.
Sigmund zaps a wand.
The puff of flame hits you!
You closely miss Sigmund.
Sigmund is heavily wounded.
Sigmund zaps a wand.
The puff of flame misses you.
You closely miss Sigmund.
Sigmund is heavily wounded.
Sigmund zaps a wand.
The puff of flame hits you! The fire burns you terribly!
* * * LOW HITPOINT WARNING * * *
You hit Sigmund.
Sigmund is severely wounded.
Sigmund casts a spell at you. You block the puff of flame.
You block Sigmund's attack.
You hit Sigmund.
Sigmund is almost dead.
You closely miss Sigmund.
Sigmund is almost dead.
Sigmund zaps a wand.
The puff of flame hits you! The fire burns you terribly!
You die...

###.# #..#.#.##....# #..# #.# #.#
#......##%##.###..# #.# #.#
#.##.####.# .....###.###
#.#####.##.####.# #.#.........
#<#...%.......#.####.##.###.###
#.#.###.##....^......#..# #.##.
#.#.....#####.#.<......%###.##.
###...###.#####@##..####.[.......
......#.#.......@...# #.####.##.
##..##.##.#####.###.# #.# #.##%
#...#.#...# #.# #.# #.#.......
..##.##..######.# #.# #.#.##..##
..#.#..........)# #.# #.# #...#
##.##[.###)###### #.# #.# ##..#
..#...###...### ##.# #.# ..#
..#..#...........# . ... .
..#....##...##.... ..# #


You could see Sigmund.

Vanquished Creatures
  2 giant frogs (D:2)
  A crimson imp (D:2)
  5 adders
  A giant eyeball (D:1)
  An ooze (D:2)
  4 orcs
  10 bats
  18 hobgoblins
  9 jackals
  14 kobolds
  3 quokkas
  6 giant cockroaches
  4 giant geckos
  3 giant newts
  13 goblins
  An orc skeleton (D:2)
  10 rats
105 creatures vanquished.

Notes
Turn   | Place    | Note
--------------------------------------------------------------
     0 | D:1      | Lilouch, the Mummy Fighter, began the quest for the Orb.
     0 | D:1      | Reached XP level 1. HP: 18/18 MP: 0/0
   135 | D:1      | Reached XP level 2. HP: 22/24 MP: 1/1
   758 | D:1      | Reached XP level 3. HP: 20/30 MP: 2/2
  2998 | D:1      | Paralysed by a giant eyeball for 3 turns
  3004 | D:1      | Paralysed by a giant eyeball for 4 turns
  4077 | D:1      | Noticed an orc knight
  4596 | D:1      | Noticed a troll
  4736 | D:2      | Reached skill level 1 in Dodging
  4736 | D:2      | Reached XP level 4. HP: 28/36 MP: 3/3
  6327 | D:1      | Noticed a rakshasa
  6545 | D:3      | Reached XP level 5. HP: 38/42 MP: 4/4
 19772 | D:2      | Reached XP level 6. HP: 48/48 MP: 5/5
 20020 | D:2      | Noticed a red wasp
 20042 | D:3      | Noticed Sigmund
 20102 | D:3      | Killed from afar by Sigmund

Action                   |  1- 3 |  4- 6 || total
-------------------------+-------+-------++-------
Melee: Falchion          |   212 |   298 ||   510
